 Dungeon Crawl Stone Soup version 0.23.1 (webtiles) character file.

Game seed: 3166408557098149158

298 Kurtz the Cudgeler (level 6, 0/59 HPs)
             Began as a Troll Chaos Knight on Mar 3, 2019.
             Was a Plaything of Xom.
             Succumbed to an orc wizard's poison
             ... on level 4 of the Dungeon.
             The game lasted 00:02:38 (1906 turns).

Kurtz the Cudgeler (Troll Chaos Knight)             Turns: 1906, Time: 00:02:39

Health: 0/59       AC:  8    Str: 21    XL:     6   Next: 13%
Magic:  5/5        EV: 10    Int:  8    God:    Xom [......]
Gold:   182        SH:  0    Dex: 11    Spells: 5/5 levels left

rFire    . . .     SeeInvis .   a - +0 mace (chaos)
rCold    . . .     Gourm    +   (no shield)
rNeg     . . .     Faith    .   b - +2 robe
rPois    .         Spirit   .   (helmet restricted)
rElec    .         Reflect  .   (no cloak)
rCorr    .         Harm     .   (gloves unavailable)
MR       .....                  (boots unavailable)
Stlth    +.........             (no amulet)
HPRegen  0.59/turn              (no ring)
MPRegen  0.09/turn              (no ring)

@: lethally poisoned (0 -> -19)
A: large, unfitting armour, claws 3, fast metabolism 3, gourmand, regeneration
1, shaggy fur 1, tough skin 3
a: Renounce Religion


You were on level 4 of the Dungeon.
You worshipped Xom.
You were a very special plaything of Xom.
You were very full.

You visited 1 branch of the dungeon, and saw 4 of its levels.

You collected 182 gold pieces.

Inventory:

Hand Weapons
 a - a +0 mace of chaos (weapon)
 r - a +0 blowgun
 s - a +0 mace
Missiles
 t - 20 poisoned needles
Armour
 b - a +2 robe (worn)
Jewellery
 g - an uncursed ring of protection from fire {unknown}
Wands
 l - a wand of digging (5)
Scrolls
 f - a scroll of enchant armour {unknown}
 i - 4 scrolls of identify {unknown}
 j - 6 scrolls of remove curse {unknown}
 m - 2 scrolls of teleportation {unknown}
 q - 2 scrolls of magic mapping {unknown}
 v - a scroll of immolation {unknown}
Potions
 d - 3 potions of curing {unknown}
 e - 4 potions of degeneration {unknown}
 h - a potion of brilliance {unknown}
 k - a potion of heal wounds {unknown}
 n - a potion of ambrosia {unknown}
 o - a potion of mutation {unknown}
 u - a potion of berserk rage {unknown}
 w - a potion of agility {unknown}
 x - a potion of flight {unknown}
Comestibles
 c - 6 rations
 p - a chunk of flesh


   Skills:
 - Level 2.4 Fighting
 * Level 6.3 Maces & Flails
 - Level 1.9 Dodging


You had 5 spell levels left.
You didn't know any spells.
Your spell library was empty.

Dungeon Overview and Level Annotations

Branches:
Dungeon (4/15)
 Temple: D:4-7

Altars:

Annotations:
D:4 Menkaure


Innate Abilities, Weirdness & Mutations

You are too large for most types of armour.
You have claws for hands.
Your metabolism is lightning-fast.
You like to eat raw meat.
Your natural rate of healing is unusually fast.
You are covered in fur. (AC +1)
You have extremely tough skin. (AC +3)


Message History

You are lethally poisoned!
The orc hits your orc zombie.
Your orc zombie barely misses the orc wizard.
You barely miss the orc wizard.
The orc wizard is severely wounded.
* * * LOW HITPOINT WARNING * * *
You feel sick.
The orc wizard looks encouraged for a moment.
The orc closely misses you. The orc hits your orc zombie.
The orc wizard hits you with a +1 dagger of venom.
* * * LOW HITPOINT WARNING * * *
You are more poisoned.
The orc hits you with a +0 dagger.
* * * LOW HITPOINT WARNING * * *
Unknown command.
You hit the orc wizard. You burn the orc wizard.
You kill the orc wizard!
The orc wizard's corpse disappears in a puff of smoke!
You die...
Xom bursts into laughter!

####.##
#.....#
#...<.# #.
#..<..
#..###)#. .#
#.##.)#. #..#
#..####.
####...##
#...###
#..#####@ยง..#
...###....
#....MoZ####
#........
#######o...###
###....
####...##
##...###
###..# #..###
##.###.##
#..#Z.#
##Z#.## #.#.#


You could see Menkaure, 2 orcs and a friendly orc zombie.

Vanquished Creatures
  Sigmund (D:2)
  Jessica (D:2)
  2 gnolls (D:3)
  4 adders (D:3)
  2 worms (D:2)
  A dart slug (D:4)
  5 leopard geckos
  5 orcs (D:4)
  2 giant cockroaches (D:2)
  7 goblins
  9 hobgoblins
  6 jackals (D:3)
  4 ball pythons
  4 bats
  2 frilled lizards (D:3)
  9 kobolds
  6 rats
70 creatures vanquished.

Vanquished Creatures (collateral kills)
  A gnoll (D:3)
1 creature vanquished.

Vanquished Creatures (others)
  An orc (D:4)
1 creature vanquished.

Grand Total: 72 creatures vanquished

Notes
Turn   | Place    | Note
-------+----------+-------------------------------------------
     0 | D:1      | Kurtz the Troll Chaos Knight began the quest for the Orb.
     0 | D:1      | Reached XP level 1. HP: 22/22 MP: 0/0
    68 | D:1      | Reached skill level 3 in Maces & Flails
   160 | D:1      | Reached XP level 2. HP: 29/29 MP: 1/1
   304 | D:1      | XOM: divination: detect creatures
   311 | D:1      | XOM: divination: magic mapping
   637 | D:2      | XOM: harmless Ice miscast
   690 | D:2      | Noticed Sigmund
   754 | D:2      | Killed Sigmund
   754 | D:2      | Reached skill level 5 in Maces & Flails
   754 | D:2      | Reached XP level 3. HP: 10/36 MP: 2/2
   754 | D:2      | Reached XP level 4. HP: 13/44 MP: 3/3
   754 | D:2      | Reached XP level 5. HP: 14/50 MP: 4/4
  1004 | D:2      | XOM: harmless Summ miscast
  1134 | D:2      | XOM: cloud trail
  1139 | D:2      | Noticed Jessica
  1148 | D:2      | Killed Jessica
  1289 | D:2      | You fall through a shaft!
  1298 | D:3      | XOM: cast spell 'Olgreb's Toxic Radiance'
  1299 | D:3      | XOM: cast spell 'Alistair's Intoxication'
  1307 | D:3      | Reached skill level 6 in Maces & Flails
  1312 | D:3      | XOM: cast spell 'Call Canine Familiar'
  1320 | D:3      | Reached XP level 6. HP: 39/59 MP: 5/5
  1891 | D:4      | Noticed Menkaure
  1892 | D:4      | XOM: noise
  1894 | D:4      | XOM: summons 1 hostile shadow creature
  1905 | D:4      | HP: 2/59 [orc/+0 dagger[Xom] (1)]
  1906 | D:4      | Succumbed to an orc wizard's poison

Skill      XL: |  1  2  3  4  5 |
---------------+----------------+-----
Maces & Flails | 3 5 6 |  6.3
Fighting       | |  2.4
Dodging        | |  1.9

Action                   |  1- 3 |  4- 6 || total
-------------------------+-------+-------++-------
Melee: Mace              |    78 |   135 ||   213
 Stab: Sleeping          |     1 |     1 ||     2
       Paralysed         |       |     3 ||     3
  Eat: Chunk             |    11 |    12 ||    23
Armor: Robe              |    39 |    98 ||   137
Dodge: Dodged            |    40 |   120 ||   160
